 Dungeon Sprint DCSS version 0.29.1-2-gbd0b4ee654 (webtiles) character file.

Game seed: 5260113112021377130

20853 boopmooplesden the Minotaur Blade (level 12, -4/137 HPs)
             Began as a Minotaur Berserker on Nov 21, 2022.
             Was the Champion of Trog.
             Slain by a hell hound (8 damage)
             ... in the Dungeon (Sprint III: "The Ten Rune Challenge").
             The game lasted 00:07:33 (3560 turns).

boopmooplesden the Minotaur Blade (MiBe)            Turns: 3560, Time: 00:07:34

Health: -4/137     AC:  5    Str: 23    XL:     12   Next: 49%
Magic:  11/11      EV: 18    Int:  4    God:    Trog [******]
Gold:   3933       SH:  0    Dex: 14    Spells: 11/11 levels left

rFire   . . .      SeeInvis .   t - +2 triple sword (flame)
rCold   . . .      Faith    .   (shield currently unavailable)
rNeg    . . .      Spirit   .   o - +0 leather armour
rPois   .          Reflect  .   (helmet restricted)
rElec   .          Harm     .   j - +0 cloak
rCorr   .          Rampage  .   (no gloves)
Will    ++...      NoTele   +   (no boots)
Stlth   +++.......              (no amulet)
HPRegen 1.32/turn               (no ring)
MPRegen 0.12/turn               (no ring)

@: strong-willed, on berserk cooldown, regenerating, slowed, very slow
A: horns 2, retaliatory headbutt
a: Renounce Religion, Berserk, Trog's Hand, Brothers in Arms


You were in the Dungeon.
You worshipped Trog.
Trog was exalted by your worship.
You visited 1 branch You collected 3933 gold pieces.

Inventory:

Hand Weapons
 a - a +0 falchion
 b - a +0 long sword of holy wrath
 q - a +2 great sword of flaming
 r - a +4 bardiche
 s - the +6 falchion "Zeraxzo" {vorpal, Str+4 Stlth+}
   (Trog gifted it to you in the Dungeon)

   It inflicts extra damage upon your enemies.
   Str:       It affects your strength (+4).
   Stlth:     It makes you more stealthy.
 t - a +2 triple sword of flaming (weapon)
 u - a +4 antimagic quarterstaff
 v - the +7 great sword "Pimienk" {vorpal, rN+ Will- rCorr}
   (Trog gifted it to you in the Dungeon)

   It inflicts extra damage upon your enemies.
   rN:        It protects you from negative energy.
   rCorr:     It protects you from acid and corrosion.
   Will:      It decreases your willpower.
 y - the +3 great sword "Yriepp" {antimagic, Dex+3}
   (Trog gifted it to you in the Dungeon)

   It reduces the magical energy of the wielder, and disrupts the spells and
   magical abilities of those it strikes.
   Natural abilities and divine invocations are not affected.
   Dex:       It affects your dexterity (+3).
Armour
 j - a +0 cloak (worn)
 o - a +0 leather armour (worn)
 w - the +3 hat of Pondering {ponderous, Will+ MP+10 Int+5}
   (You took it off Gastronok in the Dungeon)

   Int:       It affects your intelligence (+5).
   MP:        It affects your magic capacity (+10).
   Will:      It increases your willpower.
Wands
 l - a wand of charming (2)
Scrolls
 h - a scroll of blinking
 k - a scroll of poison
 m - 2 scrolls of identify
Potions
 c - 3 potions of curing
 d - a potion of heal wounds
 e - 2 potions of haste
 f - 2 potions of magic
 g - a potion of berserk rage
 i - 7 potions of mutation
 n - 2 potions of flight
 x - a potion of brilliance {unknown}
Miscellaneous
 p - a lightning rod (4/4)


   Skills:
 + Level 21.7 Fighting
 + Level 25.1 Long Blades
 + Level 9.9 Armour
 + Level 13.3 Dodging
 + Level 6.9 Stealth
 + Level 3.0 Evocations


You had 11 spell levels left.
You didn't know any spells.
Your spell library was empty.

Dungeon Overview and Level Annotations

Branches:
Dungeon (1/1)

Altars:
Cheibriados
Dithmenos
Elyvilon
Fedhas
Gozag
Hepliaklqana
Kikubaaqudgha
Makhleb
Nemelex Xobeh
Okawaru
Qazlal
Ru
Sif Muna
Trog
Uskayaw
Vehumet
Wu Jian
Xom
Yredelemnul
Zin
The Shining One
Jiyva
Lugonu

Shops:
D *


Innate Abilities, Weirdness & Mutations

You have a pair of horns on your head.
You reflexively headbutt those who attack you in melee.


Message History

You closely miss the fire dragon. You headbutt the fire dragon.
The fire dragon is almost dead.
The hell hound breathes flames at you.
The blast of flame hits the fire dragon.
The fire dragon resists.
The blast of flame hits you!!
You hit the fire dragon but do no damage.
The fire dragon is almost dead.
A nearby plant withers and dies.
The fire dragon is engulfed in blazing flames.
A fire dragon comes into view.
The fire dragon breathes flames at you. The blast of flame hits you!!
You slice the fire dragon!!
You kill the fire dragon!
Trog accepts your kill. Trog grants you a weapon!
Something appears at your feet!
You see here a +3 antimagic great sword.
The hell hound attacks as you move away!
The hell hound misses you. The fire dragon breathes flames at you.
The blast of flame hits you!!!
* * * LOW HITPOINT WARNING * * *
You feel a strong urge to attack something.
The hell hound breathes flames at you. The blast of flame misses you.
The fire dragon breathes flames at you. The blast of flame hits you!!
* * * LOW HITPOINT WARNING * * *
You hear a deafening roar!
You are too berserk!
You feel your anger nearly subside.
You are no longer berserk.
You are exhausted.
You feel yourself slow down.
You see here a fire dragon corpse.
Your skin crawls.
You feel strong-willed. The hell hound bites you!
You die...

▓........)......♣♣
*,,,**,**,*~~
▓#+#############'♣
**,**,**,**+~
*..J#~P....)†....♣
*,,*,**,,,*~
▓..J+~~...########♣♣
**,**,**,,*~
▓.JJ#~~~.........P.♣
**,**,*****,
▓..J#~~~~.†.PP....P♣
*,,,,,**,,,,
#+#############'####
********+***
**,****** #.♣♣ *~~~~
**,*,,,*** #♣@♣
*~~~~ **,,,,,,,**
♣h♣♣ ****** *~~~,
**,,,,,,,,,** ♣♣.♣
*,,,,* *~~,,
*,,,,***,,,,* ♣.♣♣
*,,~,* *~~~,
*,,,**,**,,,* ♣h♣♣
*,,,,* *~~~~
**,,*,,,*,,**
♣).♣**,,,** *~~~~
*,,,**,**,,,*
♣♣[♣*,****** *,,~~
*,,,,***,,,,*
*♣D♣*~,,,~* *,,,~
**,,,,,,,,,**
**,D♣*****,* *,,,,


You could see a hell hound.

Vanquished Creatures
  Rupert (D)
  Gastronok (D)
  Harold (D)
  2 dire elephants (D)
  3 fire dragons (D)
  Erolcha (D)
  4 death yaks (D)
  A deep elf pyromancer (D)
  Joseph (D)
  An orc knight (D)
  2 deep elf zephyrmancers (D)
  2 elephants (D)
  2 black mambas (D)
  2 cane toads (D)
  A rime drake (D)
  A komodo dragon (D)
  A queen bee (D)
  8 blink frogs (D)
  3 wandering mushrooms (D)
  A shadow (D)
  2 redbacks (D)
  A spatial vortex (D)
  A hell hound (D)
  A swamp drake (D)
  5 two-headed ogres (D)
  A necrophage (D)
  A water elemental (D)
  32 killer bees (D)
  Crazy Yiuf (D)
  A jelly (D)
  A wizard (D)
  A necromancer (D)
  An orc wizard (D)
  A kobold demonologist (D)
  3 humans (D)
  An orc (D)
  4 rats (D)
97 creatures vanquished.

Vanquished Creatures (collateral kills)
  An orc high priest (D)
  An orc sorcerer (D)
  An orc warrior (D)
  An orc priest (D)
  2 orc wizards (D)
  9 orcs (D)
15 creatures vanquished.

Vanquished Creatures (others)
  24 plants (D)
24 creatures vanquished.

Grand Total: 136 creatures vanquished

Notes
Turn   | Place    | Note
-------+----------+-------------------------------------------
     0 | D        | boopmooplesden the Minotaur Berserker began the quest for
                  | the Orb.
     0 | D        | Reached XP level 1. HP: 19/19 MP: 0/0
     8 | D        | Reached skill level 4 in Long Blades
    14 | D        | Reached ** piety under Trog
   134 | D        | Reached skill level 5 in Fighting
   134 | D        | Reached skill level 5 in Long Blades
   134 | D        | Reached XP level 2. HP: 22/29 MP: 1/1
   307 | D        | Noticed Crazy Yiuf
   316 | D        | Killed Crazy Yiuf
   317 | D        | Reached skill level 6 in Long Blades
   317 | D        | Reached XP level 3. HP: 31/37 MP: 2/2
   450 | D        | Noticed a water elemental
   453 | D        | Killed a water elemental
   454 | D        | Reached skill level 8 in Long Blades
   454 | D        | Reached XP level 4. HP: 47/47 MP: 3/3
   537 | D        | Found a basalt altar of Yredelemnul.
   537 | D        | Found a shadowy altar of Dithmenos.
   537 | D        | Found a sacrificial altar of Ru.
   537 | D        | Noticed a necrophage
   544 | D        | Killed a necrophage
   544 | D        | Reached *** piety under Trog
   545 | D        | Reached skill level 9 in Long Blades
   545 | D        | Reached XP level 5. HP: 56/56 MP: 4/4
   831 | D        | Found a hide-covered altar of Uskayaw.
   831 | D        | Found an iron altar of Okawaru.
   831 | D        | Found a bloodstained altar of Trog.
   831 | D        | Found an ornate altar of the Wu Jian Council.
   831 | D        | Noticed a human
   832 | D        | Noticed a human
   843 | D        | Killed a human
   843 | D        | Killed a human
   844 | D        | Reached skill level 12 in Long Blades
   844 | D        | Reached skill level 5 in Armour
   844 | D        | Reached skill level 1 in Stealth
   844 | D        | Reached XP level 6. HP: 63/68 MP: 5/5
   957 | D        | Found a radiant altar of Vehumet.
   958 | D        | Found a shimmering blue altar of Sif Muna.
   958 | D        | Found an ancient bone altar of Kikubaaqudgha.
   962 | D        | Reached **** piety under Trog
   965 | D        | Reached XP level 7. HP: 74/74 MP: 6/6
  1009 | D        | Found a glowing silver altar of Zin.
  1010 | D        | Found a glowing golden altar of the Shining One.
  1010 | D        | Found a white marble altar of Elyvilon.
  1010 | D        | Noticed a deep elf pyromancer
  1015 | D        | Killed a deep elf pyromancer
  1016 | D        | Reached skill level 14 in Long Blades
  1032 | D        | Noticed a shadow
  1042 | D        | Reached XP level 8. HP: 29/85 MP: 7/7
  1046 | D        | Reached ***** piety under Trog
  1278 | D        | Found a blossoming altar of Fedhas.
  1278 | D        | Found a stormy altar of Qazlal.
  1278 | D        | Found a snail-covered altar of Cheibriados.
  1278 | D        | Found a burning altar of Makhleb.
  1278 | D        | Found a shimmering altar of Xom.
  1279 | D        | Found a hazy altar of Hepliaklqana.
  1279 | D        | Found an opulent altar of Gozag.
  1279 | D        | Found a sparkling altar of Nemelex Xobeh.
  1279 | D        | Found a corrupted altar of Lugonu.
  1279 | D        | Found a viscous altar of Jiyva.
  1310 | D        | Reached skill level 15 in Long Blades
  1650 | D        | Noticed an orc high priest
  1651 | D        | Noticed an orc sorcerer
  1651 | D        | Noticed an orc knight
  1652 | D        | Noticed a soul eater
  1652 | D        | Noticed a sun demon
  1657 | D        | Noticed a rust devil
  1658 | D        | Killed an orc sorcerer
  1659 | D        | Reached skill level 16 in Long Blades
  1659 | D        | Reached XP level 9. HP: 96/96 MP: 8/8
  1663 | D        | Received a gift from Trog
  1663 | D        | Reached ****** piety under Trog
  1665 | D        | Found Kask's General Store.
  1666 | D        | Killed an orc high priest
  1667 | D        | Reached skill level 15 in Fighting
  1667 | D        | Reached skill level 17 in Long Blades
  1670 | D        | Killed an orc knight
  1737 | D        | Noticed a deep elf zephyrmancer
  1737 | D        | Noticed a deep elf zephyrmancer
  1737 | D        | Noticed a deep elf zephyrmancer
  1737 | D        | Noticed a deep elf zephyrmancer
  1737 | D        | Noticed a deep elf pyromancer
  1766 | D        | Killed a deep elf zephyrmancer
  1767 | D        | Reached skill level 18 in Long Blades
  1788 | D        | Noticed a two-headed ogre
  1795 | D        | Killed a two-headed ogre
  1795 | D        | Received a gift from Trog
  1801 | D        | Noticed a two-headed ogre
  1801 | D        | Noticed Erolcha
  1805 | D        | Killed a two-headed ogre
  1806 | D        | Reached XP level 10. HP: 107/107 MP: 9/9
  1808 | D        | Killed Erolcha
  1809 | D        | Reached skill level 19 in Long Blades
  1809 | D        | Reached skill level 10 in Dodging
  1913 | D        | Killed a deep elf zephyrmancer
  2111 | D        | Identified the +6 falchion "Zeraxzo" {vorpal, Str+4 Stlth+}
                  | (Trog gifted it to you in the Dungeon)
  2111 | D        | Received a gift from Trog
  2113 | D        | Received a gift from Trog
  2114 | D        | Reached skill level 20 in Long Blades
  2126 | D        | Received a gift from Trog
  2137 | D        | Reached skill level 1 in Evocations
  2139 | D        | Reached skill level 5 in Stealth
  2146 | D        | Received a gift from Trog
  2438 | D        | Noticed Joseph
  2439 | D        | Noticed Harold
  2444 | D        | Killed Harold
  2445 | D        | Reached XP level 11. HP: 119/119 MP: 10/10
  2453 | D        | Killed Joseph
  2454 | D        | Reached skill level 21 in Long Blades
  2695 | D        | Identified the +7 great sword "Pimienk" {vorpal, rN+ Will-
                  | rCorr} (Trog gifted it to you in the Dungeon)
  2695 | D        | Received a gift from Trog
  2769 | D        | Received a gift from Trog
  2770 | D        | Reached skill level 22 in Long Blades
  2945 | D        | Noticed a dire elephant
  2945 | D        | Noticed a dire elephant
  2945 | D        | Noticed Gastronok
  2952 | D        | Killed a dire elephant
  2961 | D        | Killed a dire elephant
  2977 | D        | Killed Gastronok
  2978 | D        | Reached skill level 23 in Long Blades
  3281 | D        | Noticed an azure jelly
  3281 | D        | Noticed an azure jelly
  3281 | D        | Noticed an azure jelly
  3282 | D        | Noticed an azure jelly
  3284 | D        | Noticed Rupert
  3292 | D        | Killed Rupert
  3292 | D        | Identified the +3 great sword "Yriepp" {antimagic, Dex+3}
                  | (Trog gifted it to you in the Dungeon)
  3292 | D        | Received a gift from Trog
  3293 | D        | Reached XP level 12. HP: 134/134 MP: 11/11
  3345 | D        | Noticed a death yak
  3346 | D        | Noticed a death yak
  3350 | D        | Noticed a death yak
  3353 | D        | Killed a death yak
  3353 | D        | Noticed a death yak
  3355 | D        | Killed a death yak
  3356 | D        | Reached skill level 24 in Long Blades
  3361 | D        | Killed a death yak
  3364 | D        | Killed a death yak
  3366 | D        | Received a gift from Trog
  3530 | D        | Noticed a fire dragon
  3536 | D        | Killed a fire dragon
  3540 | D        | Noticed a fire dragon
  3540 | D        | Noticed a fire dragon
  3540 | D        | Noticed a fire dragon
  3540 | D        | Noticed a fire dragon
  3541 | D        | Noticed a fire dragon
  3547 | D        | Killed a fire dragon
  3548 | D        | Reached skill level 25 in Long Blades
  3553 | D        | Noticed a fire dragon
  3554 | D        | Killed a fire dragon
  3554 | D        | Received a gift from Trog
  3556 | D        | HP: 2/205 [fire dragon/blast of flame (26)]
  3560 | D        | Slain by a hell hound

Illustrated notes

Levels and vault maps discovered:
D:        dungeon_sprint_mu [sprint_mu_entry_forest, sprint_mu_temple_rooms,
          sprint_mu_d1_spiders, sprint_mu_d2_genie, sprint_mu_d3_branching,
          sprint_mu_orc_legion, sprint_mu_elf_gauntlet, sprint_mu_hive_nellie,
          sprint_mu_lair_fedhas, sprint_mu_vaults_butterflies,
          sprint_mu_slime_circle, sprint_mu_swamp_cave, sprint_mu_shoals_archi,
          sprint_mu_blade_basic, sprint_mu_crypt_chambers,
          sprint_mu_tomb_spiral, sprint_mu_vestibule_basic,
          sprint_mu_gehenna_hellfire, sprint_mu_dis_giant,
          sprint_mu_tartarus_statrot, sprint_mu_cocytus_islands, sprint_mu_zot1]

Skill      XL: |  1  2  3  4  5  6  7  8  9 10 11 12 |
---------------+-------------------------------------+-----
Fighting       | 5 6 7 8 11 12 14 16 18 20 21 | 21.7
Long Blades    | 5 6 8 9 12 14 16 18 20 23 25 | 25.1
Armour         | 3 4 5 6 7 8 9 |  9.9
Dodging        | 3 4 6 7 8 9 11 12 13 | 13.3
Stealth        | 1 2 3 5 6 |  6.9
Evocations     | 1 3 |  3.0

Action                   |  1- 3 |  4- 6 |  7- 9 | 10-12 || total
-------------------------+-------+-------+-------+-------++-------
Melee: Falchion          |    21 |    31 |     4 |       ||    56
       Headbutt          |     2 |     3 |     9 |    26 ||    40
       Punch             |       |     1 |     3 |       ||     4
       Long sword        |       |       |    45 |       ||    45
       Great sword       |       |       |    10 |    39 ||    49
       Triple sword      |       |       |       |   118 ||   118
Invok: Berserk           |     3 |     3 |     5 |     9 ||    20
       Brothers in Arms  |       |       |     1 |       ||     1
       Trog's Hand       |       |       |     1 |     1 ||     2
Evoke: Lightning rod     |       |       |       |     5 ||     5
  Use: Scroll            |     2 |       |       |       ||     2
 Stab: Sleeping          |       |       |     1 |     1 ||     2
Armor: Animal skin       |     1 |       |       |       ||     1
       Leather armour    |       |       |     7 |    11 ||    18
Dodge: Dodged            |    10 |     8 |    27 |   102 ||   147
